 Dungeon Crawl Stone Soup version 0.29-a0-575-g0dc89cf053 (webtiles) character file.

Game seed: 11816275036950421807

259 DocClef the Covert (level 6, -7/53 HPs)
             Began as a Gnoll Delver on June 12, 2022.
             Killed by nerve-wracking pain
             ... invoked by Menkaure
              (14 damage)
             ... on level 5 of the Dungeon.
             The game lasted 00:01:07 (657 turns).

DocClef the Covert (Gnoll Delver)                    Turns: 657, Time: 00:01:08

Health: -7/53      AC:  4    Str: 12    XL:     6   Next: 17%
Magic:  8/8        EV: 14    Int:  9    God:
Gold:   33         SH:  0    Dex: 15    Spells: 8/8 levels left

rFire   . . .      SeeInvis .   a - +0 short sword
rCold   + . .      Faith    .   (no shield)
rNeg    . . .      Spirit   .   i - +2 robe {rC+}
rPois   .          Reflect  .   (no helmet)
rElec   .          Harm     .   (no cloak)
rCorr   .          Rampage  .   (no gloves)
Will    .....                   (no boots)
Stlth   ++++......              (no amulet)
HPRegen 0.17/turn               (no ring)
MPRegen 0.11/turn               (no ring)

@: no status effects
A: fangs 1, strong nose, distributed training
a: no special abilities


You were on level 5 of the Dungeon.
You visited 1 branch of the dungeon, and saw 1 of its levels.

You collected 33 gold pieces.

Inventory:

Hand Weapons
 a - a +0 short sword (weapon)
Armour
 b - a +0 leather armour
 i - a +2 robe of cold resistance (worn)
Wands
 g - a wand of digging (3)
Scrolls
 c - 2 scrolls of fog
 d - a scroll of magic mapping
 e - a scroll of fear
 h - a scroll of teleportation {unknown}
 j - a scroll of summoning {unknown}
Potions
 f - a potion of haste


   Skills:
 + Level 6.8 Fighting
 + Level 4.9 Short Blades
 + Level 1.8 Long Blades
 + Level 1.8 Axes
 + Level 1.8 Maces & Flails
 + Level 1.8 Polearms
 + Level 1.8 Staves
 + Level 1.8 Slings
 + Level 1.8 Bows
 + Level 1.8 Crossbows
 + Level 1.8 Throwing
 + Level 1.8 Armour
 + Level 4.9 Dodging
 + Level 9.7 Stealth
 + Level 1.8 Shields
 + Level 1.8 Unarmed Combat
 + Level 1.8 Spellcasting
 + Level 1.4 Conjurations
 + Level 1.4 Hexes
 + Level 1.4 Summonings
 + Level 1.4 Necromancy
 + Level 1.4 Translocations
 + Level 1.4 Transmutations
 + Level 1.4 Fire Magic
 + Level 1.4 Ice Magic
 + Level 1.4 Air Magic
 + Level 1.4 Earth Magic
 + Level 1.4 Poison Magic
 + Level 2.0 Invocations
 + Level 1.8 Evocations


You had 8 spell levels left.
You didn't know any spells.
Your spell library was empty.

Dungeon Overview and Level Annotations

Branches:
Dungeon (5/15)
 Temple: D:4-7

Altars:
Xom

Annotations:
D:5 Menkaure


Innate Abilities, Weirdness & Mutations

You have very sharp teeth.
Your uncanny sense of smell can sniff out nearby items.
Your experience applies equally to all skills.


Message History

The orc is heavily wounded.
You hit the orc.
You kill the orc!
There is an open door, spattered with blood here.
Items here: )) [ †.
i - a +2 robe of cold resistance You start removing your armour.
You continue taking off your +0 leather armour. x4
You finish taking off your +0 leather armour.
You start putting on your armour.
You continue putting on your +2 robe of cold resistance. x5
You finish putting on your +2 robe of cold resistance.
You feel resistant to cold.
Key pressed, stopping explore.
You open the door.
There is an open door here.
j - a scroll labelled HUESIN WORIPT You now have 33 gold pieces (gained 11).
Menkaure, Prince of Dust comes into view.
Menkaure is nearby!
Menkaure is nearby!
Menkaure shouts!
You hit Menkaure but do no damage. Menkaure hits you!!
Menkaure gestures wildly while chanting.
Menkaure seems to speed up.
Menkaure forgets how to speak, silenced by the ages.
Menkaure calls on the powers of darkness!
Your body is wracked with pain!
Menkaure calls on the powers of darkness!
Your body is wracked with pain!
* * * LOW HITPOINT WARNING * * *
Menkaure points at you and mumbles some strange words.
Pain shoots through your body!
* * * LOW HITPOINT WARNING * * *
Menkaure points at you and mumbles some strange words.
Pain shoots through your body!
* * * LOW HITPOINT WARNING * * *
Menkaure casts a spell at you. Pain shoots through your body!
You die...

#####.##### ##.# #. #..#
#. #.## ##+# #M# ##...##
#.# ##.....## #####.####
##.......## #........#
#.........###.M...##.#
+.........@............
#.........###...#..#.###
#.......## #..###.#.#
##.....## #...# .#.#
##...## #.#...##.# ##)##
#.##.## .# #.# #.. ..
#.# ### .## ##)##


You could see Menkaure (fast).

Vanquished Creatures
  An ogre (D:5)
  A phantom (D:5)
  2 orc priests (D:5)
  An orc wizard (D:5)
  8 orcs (D:5)
13 creatures vanquished.

Notes
Turn   | Place    | Note
-------+----------+-------------------------------------------
     0 | D:5      | Reached skill level 9 in Stealth
     0 | D:5      | DocClef the Gnoll Delver began the quest for the Orb.
     0 | D:5      | Reached XP level 1. HP: 23/23 MP: 1/1
    15 | D:5      | Found a shimmering altar of Xom.
    31 | D:5      | Noticed an orc wizard
   229 | D:5      | Noticed an orc priest
   229 | D:5      | Noticed an orc priest
   229 | D:5      | Noticed an ogre
   229 | D:5      | Noticed a phantom
   231 | D:5      | Killed an ogre
   232 | D:5      | Reached skill level 1 in Long Blades
   232 | D:5      | Reached skill level 1 in Axes
   232 | D:5      | Reached skill level 1 in Maces & Flails
   232 | D:5      | Reached skill level 1 in Polearms
   232 | D:5      | Reached skill level 1 in Staves
   232 | D:5      | Reached skill level 1 in Slings
   232 | D:5      | Reached skill level 1 in Bows
   232 | D:5      | Reached skill level 1 in Crossbows
   232 | D:5      | Reached skill level 1 in Throwing
   232 | D:5      | Reached skill level 1 in Armour
   232 | D:5      | Reached skill level 1 in Shields
   232 | D:5      | Reached skill level 1 in Unarmed Combat
   232 | D:5      | Reached skill level 1 in Spellcasting
   232 | D:5      | Reached skill level 1 in Invocations
   232 | D:5      | Reached skill level 1 in Evocations
   232 | D:5      | Reached XP level 2. HP: 29/29 MP: 1/3
   232 | D:5      | Reached XP level 3. HP: 35/35 MP: 1/4
   232 | D:5      | Reached XP level 4. HP: 41/41 MP: 1/5
   234 | D:5      | Killed a phantom
   235 | D:5      | Reached skill level 1 in Conjurations
   235 | D:5      | Reached skill level 1 in Hexes
   235 | D:5      | Reached skill level 1 in Summonings
   235 | D:5      | Reached skill level 1 in Necromancy
   235 | D:5      | Reached skill level 1 in Translocations
   235 | D:5      | Reached skill level 1 in Transmutations
   235 | D:5      | Reached skill level 1 in Fire Magic
   235 | D:5      | Reached skill level 1 in Ice Magic
   235 | D:5      | Reached skill level 1 in Air Magic
   235 | D:5      | Reached skill level 1 in Earth Magic
   235 | D:5      | Reached skill level 1 in Poison Magic
   235 | D:5      | Reached XP level 5. HP: 47/47 MP: 1/7
   242 | D:5      | Reached XP level 6. HP: 53/53 MP: 1/8
   628 | D:5      | Noticed Menkaure
   657 | D:5      | Killed from afar by Menkaure

Illustrated notes

Levels and vault maps discovered:
D:5:      layout_loops_corners, marbit_many_paths, lemuel_tele_altar,
          serial_shops, shop, uniq_menkaure

Skill      XL: |  1  2  3  4  5 |
---------------+----------------+-----
Stealth        | |  9.7
Long Blades    | 1 |  1.8
Axes           | 1 |  1.8
Maces & Flails | 1 |  1.8
Polearms       | 1 |  1.8
Staves         | 1 |  1.8
Slings         | 1 |  1.8
Bows           | 1 |  1.8
Crossbows      | 1 |  1.8
Throwing       | 1 |  1.8
Armour         | 1 |  1.8
Shields        | 1 |  1.8
Unarmed Combat | 1 |  1.8
Spellcasting   | 1 |  1.8
Invocations    | 1 2 |  2.0
Evocations     | 1 |  1.8
Conjurations   | 1 |  1.4
Hexes          | 1 |  1.4
Summonings     | 1 |  1.4
Necromancy     | 1 |  1.4
Translocations | 1 |  1.4
Transmutations | 1 |  1.4
Fire Magic     | 1 |  1.4
Ice Magic      | 1 |  1.4
Air Magic      | 1 |  1.4
Earth Magic    | 1 |  1.4
Poison Magic   | 1 |  1.4
Fighting       | |  6.8
Short Blades   | |  4.9
Dodging        | |  4.9

Action                   |  1- 3 |  4- 6 || total
-------------------------+-------+-------++-------
Melee: Short sword       |    11 |    47 ||    58
       Bite              |     1 |     2 ||     3
 Stab: Sleeping          |     1 |     5 ||     6
Armor: Leather armour    |       |     4 ||     4
Dodge: Dodged            |     5 |    19 ||    24

Table legend: (Time is in decaauts)
 A = Elapsed time spent in this place.
 B = Non-inter-level travel time spent in this place.
 C = Inter-level travel time spent in this place.
 D = Time resting spent in this place.
 E = Time spent auto-exploring this place.
 F = Levels seen in this place.
 G = Mean time per level.
                   A        B        C        D        E       F      G
               +--------+--------+--------+--------+--------+-----+--------+
         Total |    648 |    648 |      0 |    142 |    316 |   1 |  648.0 |
       Dungeon |    648 |    648 |      0 |    142 |    316 |   1 |  648.0 |
               +--------+--------+--------+--------+--------+-----+--------+

Top non-repeatable levels by time:
     D:5: 648 daAuts
